 Dungeon Crawl Stone Soup version 0.30.1-11-g7821555f0a (webtiles) character file.

Game seed: 7142825816313157124

2 Chiseanne the Grave Robber (level 1, 0/14 HPs)
             Began as a Demonspawn Wanderer on Nov 25, 2023.
             Slain by a hobgoblin (3 damage)
             ... on level 1 of the Dungeon.
             The game lasted 00:00:25 (80 turns).

Chiseanne the Grave Robber (Demonspawn Wanderer)      Turns: 80, Time: 00:00:25

Health: 0/14       AC:  3    Str: 10    XL:     1   Next: 33%
Magic:  4/4        EV: 10    Int: 18    God:
Gold:   18         SH:  0    Dex:  9    Spells: 6/6 levels left

rFire   . . .        a - +0 club
rCold   . . .        (no shield)
rNeg    . . .        f - +0 leather armour
rPois   .            (no helmet)
rElec   .            (no cloak)
rCorr   .            (no gloves)
SInv    .            (no boots)
Will    .....        (no amulet)
Stlth   +            (no ring)
HPRegen 0.22/turn    (no ring)
MPRegen 0.09/turn

%: no passive effects
@: no status effects
A: no striking features
a: no special abilities


You were on level 1 of the Dungeon.
You visited 1 branch of the dungeon, and saw 1 of its levels.

You collected 18 gold pieces.

Inventory:

Hand Weapons
 a - a +0 club (weapon)
Armour
 f - a +0 leather armour (worn)
Wands
 d - a wand of flame (6) (quivered)
Scrolls
 e - a scroll of identify {unknown}
Potions
 b - a potion of haste


   Skills:
 * Level 0.4 Fighting
 - Level 1.0 Armour
 * Level 0.3 Dodging
 - Level 3.0 Spellcasting
 - Level 1.0 Summonings
 - Level 3.2 Necromancy
 - Level 2.0 Evocations


You had 6 spell levels left.
You didn't know any spells.
Your spell library contained the following spells:

 Spells                   Type           Power      Damage    Failure   Level
 Kiss of Death            Conj/Necr      32%        2d7       12%         1
 Summon Small Mammal      Summ           24%        N/A       14%         1
 Cigotuvi's Dreadful Rot  Necr/Pois/Air  12%        N/A       22%         2
 Summon Guardian Golem    Hex/Summ       4%         N/A       47%         3
 Anguish                  Hex/Necr       4%         N/A       75%         4


Dungeon Overview and Level Annotations

Branches:
Dungeon (1/15)

Altars:


Message History

You barely miss the ball python.
The ball python is severely wounded.
The ball python bites you but does no damage.
The ball python constricts you.
You closely miss the ball python.
The ball python is severely wounded.
The ball python barely misses you. The ball python constricts you.
The ball python bites you. The ball python constricts you.
You completely miss the ball python.
The ball python is severely wounded.
The ball python bites you. The ball python constricts you.
You closely miss the ball python.
The ball python is severely wounded.
The ball python bites you. The ball python constricts you.
The ball python barely misses you. The ball python constricts you.
You barely miss the ball python.
The ball python is severely wounded.
The ball python bites you but does no damage.
The ball python constricts you.
* * * LOW HITPOINT WARNING * * *
You barely miss the ball python.
The ball python is heavily wounded.
The ball python bites you.
* * * LOW HITPOINT WARNING * * *
The ball python constricts you. The ball python barely misses you.
The ball python constricts you.
* * * LOW HITPOINT WARNING * * *
You closely miss the ball python.
The ball python is moderately wounded.
The ball python bites you but does no damage.
The ball python constricts you.
The ball python bites you but does no damage.
The ball python constricts you.
You hit the ball python.
You kill the ball python!
The hobgoblin hits you but does no damage.
You hit the hobgoblin.
The hobgoblin is heavily wounded.
The hobgoblin hits you.
You die...

#...#8#8#8#8#..#
............#..#
..<...#####.'..# .
............#..###### g.
#...#8#8#8#8#........ .b.
8...8########........ ...
#.#.##............... ..+
8.#.8#..##....##########...###
#.#.# ##...[g@†............ 8.
.8 .##.....###############
.........# ########g#
...............
####.#......... .. #.........
#.# #......... # #.........


You could see a hobgoblin.

Vanquished Creatures
  2 ball pythons (D:1)
  A bat (D:1)
3 creatures vanquished.

Notes
Turn   | Place    | Note
-------+----------+-------------------------------------------
     0 | D:1      | Chiseanne the Demonspawn Wanderer began the quest for the
                  | Orb.
     0 | D:1      | Chiseanne set off with the following items: a +0 club, a
                  | potion of haste, a +0 robe, a wand of flame (6); and the
                  | following spells available to memorise: Kiss of Death,
                  | Summon Small Mammal, Cigotuvi's Dreadful Rot, Summon
                  | Guardian Golem, Anguish.
     0 | D:1      | Reached XP level 1. HP: 13/13 MP: 4/4
    80 | D:1      | Slain by a hobgoblin

Illustrated notes

Levels and vault maps discovered:
D:1:      heliophobic_arrival_ceremonial_halls, layout_basic,
          chequers_ecumenical_altar_simple_redux

Action                     || total
---------------------------++-------
  Melee: Club              ||    18
 Armour: Leather armour    ||     9
         Robe              ||     3
  Dodge: Dodged            ||    11
